 Dungeon Crawl Stone Soup version 0.28-b1-70-g80dc712255 (webtiles) character file.

Game seed: 4670662071176501939

107 dolemite99 the Chopper (level 4, -2/39 HPs)
             Began as a Minotaur Fighter on Feb 4, 2022.
             Was a Follower of Dithmenos.
             Slain by an orc wizard (3 damage)
             ... on level 3 of the Dungeon.
             The game lasted 00:01:41 (1489 turns).

dolemite99 the Chopper (Minotaur Fighter)           Turns: 1489, Time: 00:01:41

Health: -2/39      AC:  3    Str: 23    XL:     4   Next: 56%
Magic:  3/3        EV:  9    Int:  5    God:    Dithmenos [*.....]
Gold:   94         SH:  4    Dex:  9    Spells: 3/3 levels left

rFire   + . .      SeeInvis +   a - +0 war axe
rCold   + . .      Faith    .   c - +0 buckler
rNeg    . . .      Spirit   .   b - +0 scale mail
rPois   +          Reflect  .   (helmet restricted)
rElec   +          Harm     .   (no cloak)
rCorr   +          Rampage  .   (no gloves)
Will    .....                   (no boots)
Stlth   ..........              (no amulet)
HPRegen 0.13/turn               p - ring of see invisible
MPRegen 0.08/turn               (no ring)

@: resistant, wreathed by umbra
A: horns 2, retaliatory headbutt, deformed body
a: Renounce Religion


You were on level 3 of the Dungeon.
You worshipped Dithmenos.
Dithmenos was aware of your devotion.
You visited 1 branch of the dungeon, and saw 3 of its levels.

You collected 94 gold pieces.

Inventory:

Hand Weapons
 a - a +0 war axe (weapon)
Missiles
 e - 45 arrows
 f - 51 stones (quivered)
 k - 23 sling bullets
Armour
 b - a +0 scale mail (worn)
 c - a +0 buckler (worn)
Jewellery
 p - a ring of see invisible (left hand)
Scrolls
 g - a scroll of fear {unknown}
 i - a scroll of fog {unknown}
 j - a scroll of teleportation {unknown}
 l - 2 scrolls of blinking {unknown}
 n - a scroll of enchant weapon {unknown}
 q - 2 scrolls of identify {unknown}
 r - a scroll of enchant armour {unknown}
Potions
 d - a potion of might
 o - 2 potions of mutation


   Skills:
 - Level 3.6 Fighting
 + Level 5.9 Axes
 - Level 3.6 Armour
 - Level 3.6 Shields


You had 3 spell levels left.
You didn't know any spells.
Your spell library contained the following spells:

 Spells                   Type           Power      Damage    Failure   Level
 Shock                    Conj/Air       0%         1d3       86%         1
 Dazzling Flash           Conj/Hex       0%         N/A       99%         3
 Swiftness                Air            0%         N/A       99%         3
 Airstrike                Air            0%         N/A       100%        4
 Iskenderun's Mystic Bla  Conj/Tloc      0%         2d3       100%        4
 Starburst                Conj/Fire      0%         6d3       100%        6


Dungeon Overview and Level Annotations

Branches:
Dungeon (3/15)

Altars:
Dithmenos


Innate Abilities, Weirdness & Mutations

You have a pair of horns on your head.
You reflexively headbutt those who attack you in melee.
Armour fits poorly on your strangely shaped body.


Message History

The orc wizard points at you and mumbles some strange words.
The magic dart hits you.
You closely miss the orc wizard. Your headbutt misses the orc wizard.
The orc wizard hits you with a +1 dagger of electrocution.
You are electrocuted!
* * * LOW HITPOINT WARNING * * *
The orc wizard barely misses you.
You feel very mighty all of a sudden. The orc wizard barely misses you.
It was a potion of cancellation.
Your magical effects are unravelling.
You feel magically purged.
You feel a little less mighty now.
The orc wizard hits you with a +1 dagger of electrocution.
* * * LOW HITPOINT WARNING * * *
It was a potion of resistance.
You feel protected.
The orc wizard hits you with a +1 dagger of electrocution.
* * * LOW HITPOINT WARNING * * *
It was a potion of mutation.
You feel extremely strange.
Your body twists and deforms.
The orc wizard hits you with a +1 dagger of electrocution.
* * * LOW HITPOINT WARNING * * *
You barely miss the orc wizard. You headbutt the orc wizard.
The orc wizard is moderately wounded.
You block the orc wizard's attack.
You closely miss the orc wizard. Your headbutt misses the orc wizard.
The orc wizard is moderately wounded.
The orc wizard barely misses you.
You hit the orc wizard.
The orc wizard is heavily wounded.
The orc wizard casts a spell at you. You resist with some effort.
You hit the orc wizard but do no damage.
You headbutt the orc wizard, but do no damage.
The orc wizard is heavily wounded.
The orc wizard hits you with a +1 dagger of electrocution.
* * * LOW HITPOINT WARNING * * *
The orc wizard hits you with a +1 dagger of electrocution.
You die...

#.# #.#
#####...####..##
##.. #.# .
#.............##
#.. #.# #.
..##########..#
##. #.# #...##
#. #..
#.#[.######. #.
#.##......#)
##.#######... ..
##########..#
###. #
#...o@...).## #.
.. #.(##########
#. ....# #.
...... #. .....
## ..... ....
....


You could see an orc wizard (invisible).

Vanquished Creatures
  An orc wizard (D:3)
  5 adders
  3 ball pythons (D:1)
  An endoplasm (D:1)
  2 giant cockroaches
  5 goblins
  6 hobgoblins
  A quokka (D:1)
  5 bats
  2 frilled lizards (D:2)
  A kobold (D:2)
  4 rats
36 creatures vanquished.

Vanquished Creatures (others)
  3 plants (D:2)
3 creatures vanquished.

Grand Total: 39 creatures vanquished

Notes
Turn   | Place    | Note
-------+----------+-------------------------------------------
     0 | D:1      | dolemite99 the Minotaur Fighter began the quest for the
                  | Orb.
     0 | D:1      | Reached XP level 1. HP: 19/19 MP: 0/0
    67 | D:1      | Reached skill level 3 in Axes
   100 | D:1      | Reached XP level 2. HP: 12/26 MP: 1/1
   668 | D:1      | Found a faded altar of an unknown god.
   676 | D:1      | Prayed at the altar of an unknown god.
   676 | D:1      | Became a worshipper of Dithmenos the Shadowed
   676 | D:1      | Reached * piety under Dithmenos
   679 | D:1      | Reached skill level 4 in Axes
   977 | D:2      | Reached XP level 3. HP: 31/31 MP: 2/2
  1175 | D:2      | Reached skill level 5 in Axes
  1277 | D:3      | Reached XP level 4. HP: 36/39 MP: 3/3
  1485 | D:3      | Gained mutation: Armour fits poorly on your strangely
                  | shaped body. [potion of mutation]
  1489 | D:3      | HP: 1/39 [orc wizard (3)]
  1489 | D:3      | Slain by an orc wizard

Illustrated notes

Levels and vault maps discovered:
D:1:      sevenhm_arrival_forest_fort_small_3, layout_rooms,
          shapermc_ecumenical_altar_pompeii
D:2:      layout_rooms, serial_forest, infiniplex_forest_lined_corner,
          infiniplex_forest_corner_1, infiniplex_forest_end_1,
          infiniplex_forest_straight_2, infiniplex_forest_diagonal,
          infiniplex_forest_clump_long, infiniplex_forest_lined_2,
          infiniplex_forest_lined_room_3, infiniplex_forest_end_2
D:3:      layout_rooms, serial_shops, shop_fountains, minmay_misc_feat_ornament,
          uniq_natasha

Skill      XL: |  1  2  3 |
---------------+----------+-----
Axes           | 3 4 5 |  5.9
Fighting       | |  3.6
Armour         | |  3.6
Shields        | |  3.6

Action                   |  1- 3 |  4- 6 || total
-------------------------+-------+-------++-------
Melee: War axe           |    50 |    20 ||    70
       Headbutt          |     7 |     3 ||    10
Throw: Stone             |    30 |     7 ||    37
  Use: Potion            |       |     4 ||     4
Armor: Scale mail        |    18 |     5 ||    23
Dodge: Dodged            |    26 |     9 ||    35
Block: Buckler           |    23 |     3 ||    26
